 Dungeon Crawl Stone Soup version 0.28-a0-2-g643f2454ad (webtiles) character file.

Game seed: 6691388957365980218

191 siradein the Grave Robber (level 6, 0/41 HPs)
             Began as a Human Necromancer on July 23, 2021.
             Slain by an ogre (19 damage)
             ... on level 3 of the Dungeon.
             The game lasted 00:09:25 (3214 turns).

siradein the Grave Robber (Human Necromancer)       Turns: 3214, Time: 00:09:26

Health: 0/41       AC:  3    Str:  8    XL:     6   Next: 2%
Magic:  12/12      EV: 12    Int: 17    God:
Gold:   147        SH:  0    Dex: 14    Spells: 4/13 levels left

rFire   . . .      SeeInvis +   m - +3 club (spect)
rCold   . . .      Faith    .   (no shield)
rNeg    . . .      Spirit   .   a - +0 robe
rPois   .          Reflect  .   k - +0 helmet
rElec   .          Harm     .   (no cloak)
rCorr   .          Rampage  .   (no gloves)
Will    .....                   (no boots)
Stlth   ++........              (no amulet)
HPRegen 0.13/turn               c - ring of see invisible
MPRegen 0.13/turn               (no ring)

@: no status effects
A: no striking features
a: no special abilities


You were on level 3 of the Dungeon.
You visited 1 branch of the dungeon, and saw 3 of its levels.

You collected 147 gold pieces.

Inventory:

Hand Weapons
 m - a +3 spectral club (weapon)
Armour
 a - a +0 robe (worn)
 k - a +0 helmet (worn)
 o - a +2 pair of boots
Jewellery
 c - a ring of see invisible (left hand)
Scrolls
 d - 2 scrolls of amnesia {unknown}
 e - 2 scrolls of identify {unknown}
 h - a scroll of blinking {unknown}
 i - a scroll of magic mapping {unknown}
 j - a scroll of teleportation
Potions
 b - 3 potions of curing {unknown}
 f - a potion of attraction {unknown}
 g - a potion of berserk rage {unknown}
 l - a potion of might {unknown}
 n - a potion of resistance {unknown}


   Skills:
 - Level 2.0 Dodging
 - Level 2.0 Stealth
 + Level 4.0 Spellcasting
 + Level 5.5 Necromancy


You had 4 spell levels left.
You knew the following spells:

 Your Spells              Type           Power      Damage    Failure   Level
a - Pain                  Necr           88%        1d8       1%          1
b - Animate Skeleton      Necr           44%        N/A       1%          1
c - Vampiric Draining     Necr           11%        2d7       4%          3
d - Animate Dead          Necr           11%        N/A       16%         4

Your spell library contained the following spells:

 Spells                   Type           Power      Damage    Failure   Level
 Passwall                 Tmut/Erth      2%         N/A       24%         2
 Swiftness                Air            3%         N/A       43%         3
 Agony                    Necr           22%        N/A       41%         5
 Invisibility             Hex            1%         N/A       100%        6


Dungeon Overview and Level Annotations

Branches:
Dungeon (3/15)

Altars:
Cheibriados

Annotations:
D:2 1 runed translucent door, Crazy Yiuf


Message History

An ogre is nearby!
An ogre is nearby!
An ogre is nearby!
The ogre shouts!
Aiming: Pain (safe; 1% risk of failure)
Press: ? - help, Q - select action, (/) - cycle Shift-Dir - straight line, f - ogre
Aim: an ogre, wielding a +0 giant club (chance to affect: 81%)
The ogre writhes in agony.
Aiming: Pain (safe; 1% risk of failure)
Press: ? - help, Q - select action, (/) - cycle Shift-Dir - straight line, f/p - ogre
Aim: an ogre, wielding a +0 giant club (lightly wounded, chance to affect: 81%)
You miscast Pain.
You are very lightly contaminated with residual magic.
Nothing appears to happen.
Aiming: Pain (safe; 1% risk of failure)
Press: ? - help, Q - select action, (/) - cycle Shift-Dir - straight line, f/p - ogre
Aim: an ogre, wielding a +0 giant club (lightly wounded, chance to affect: 81%)
The ogre writhes in agony.
Aiming: Pain (safe; 1% risk of failure)
Press: ? - help, Q - select action, (/) - cycle Shift-Dir - straight line, f/p - ogre
Aim: an ogre, wielding a +0 giant club (moderately wounded, chance to affect: 81%)
The ogre writhes in agony.
The kobold shouts!
The ogre hits you with a +0 giant club!
Your magical contamination has completely faded away.
The kobold hits you but does no damage.
A kobold comes into view. It is wielding a +0 short sword.
You completely miss the kobold. The ogre hits you with a +0 giant club.
The kobold hits you but does no damage.
The kobold shouts!
You hit the kobold.
You kill the kobold!
The ogre hits you with a +0 giant club!
Your Spellcasting skill increases to level 4!
You see here a +0 dagger.
The kobold closely misses you.
The kobold hits you with a +0 short sword.
There is a stone staircase leading up here.
The ogre hits you with a +0 giant club!!
You die...

#.#.###.#...#.###
###.###K#........
# #.....#.#######
#####.#.# #.#.#
#.#K# #######.#.#
....K...#.########
#########.....KO@#
# ########## ## .
.##K# ...# .#.
##.. # ######


You could see an ogre and a kobold.

Vanquished Creatures
  A necrophage (D:2)
  Jessica (D:2)
  Robin (D:2)
  A gnoll (D:1)
  An adder (D:2)
  3 dart slugs
  4 bats
  An endoplasm (D:1)
  2 giant cockroaches (D:2)
  13 goblins
  7 hobgoblins
  7 kobolds
  A quokka (D:1)
  2 ball pythons
  2 rats
47 creatures vanquished.

Notes
Turn   | Place    | Note
-------+----------+-------------------------------------------
     0 | D:1      | siradein the Human Necromancer began the quest for the Orb.
     0 | D:1      | Reached XP level 1. HP: 13/13 MP: 3/3
   326 | D:1      | Reached XP level 2. HP: 17/19 MP: 1/5
   328 | D:1      | Learned a level 1 spell: Animate Skeleton
   370 | D:1      | Found a faded altar of an unknown god.
   653 | D:1      | Reached XP level 3. HP: 19/24 MP: 0/6
  1560 | D:2      | Noticed Jessica
  1563 | D:2      | Killed Jessica
  1564 | D:2      | Reached XP level 4. HP: 28/30 MP: 5/8
  1694 | D:2      | Learned a level 3 spell: Vampiric Draining
  1699 | D:2      | Learned a level 4 spell: Animate Dead
  2122 | D:2      | Reached skill level 5 in Necromancy
  2128 | D:2      | Noticed Robin
  2197 | D:2      | HP: 1/30 [goblin[Robin] (3)]
  2545 | D:2      | Found a runed translucent door.
  2546 | D:2      | Noticed Crazy Yiuf
  2717 | D:2      | Reached XP level 5. HP: 34/35 MP: 7/10
  2799 | D:2      | Killed Robin
  2936 | D:3      | Found a snail-covered altar of Cheibriados.
  2955 | D:3      | Noticed an ogre
  3015 | D:3      | Noticed a necrophage
  3038 | D:2      | Killed a necrophage
  3039 | D:2      | Reached XP level 6. HP: 30/41 MP: 11/11
  3214 | D:3      | Slain by an ogre

Illustrated notes

Levels and vault maps discovered:
D:1:      minmay_arrival_plants_in_alcoves, layout_basic,
          shapermc_ecumenical_altar_petra, minmay_misc_feat_rugged,
          ebering_dispersal_statue_hall
D:2:      layout_rooms, minmay_pentomino_z4, uniq_robin, uniq_jessica,
          uniq_crazy_yiuf_cottage
D:3:      layout_basic, lemuel_round_altar, gammafunk_ghost_stat_death,
          hex_intersection, serial_bayou_ford_a, st_stairs_13,
          chequers_serial_rivers_micro_b, minmay_misc_feat_encased

Skill      XL: |  1  2  3  4  5  6 |
---------------+-------------------+-----
Spellcasting   | 3 4 |  4.0
Necromancy     | 5 |  5.5
Dodging        | |  2.0
Stealth        | |  2.0

Action                   |  1- 3 |  4- 6 || total
-------------------------+-------+-------++-------
Melee: Club              |     1 |     6 ||     7
       Flail             |       |     6 ||     6
 Cast: Pain              |    37 |    58 ||    95
       Animate Skeleton  |     1 |     1 ||     2
  Use: Scroll            |     1 |       ||     1
Armor: Robe              |     4 |     7 ||    11
Dodge: Dodged            |     5 |    28 ||    33

Table legend: (Time is in decaauts)
 A = Elapsed time spent in this place.
 B = Non-inter-level travel time spent in this place.
 C = Inter-level travel time spent in this place.
 D = Time resting spent in this place.
 E = Time spent auto-exploring this place.
 F = Levels seen in this place.
 G = Mean time per level.
                   A        B        C        D        E       F      G
               +--------+--------+--------+--------+--------+-----+--------+
         Total |   3217 |   3171 |     46 |     74 |   2492 |   3 | 1072.3 |
       Dungeon |   3217 |   3171 |     46 |     74 |   2492 |   3 | 1072.3 |
               +--------+--------+--------+--------+--------+-----+--------+

Top non-repeatable levels by time:
     D:1: 1559 daAuts
     D:2: 1446 daAuts
     D:3: 211 daAuts
